AoeStats
← 扒皮狗

Nomad

507952108Analyzed
3v3 RM · 13d ago on Sep 20, 2026· 59m 45s· 6 players
Game mode
Random Map
Map size
210×210
Population
200
Speed
Normal
Resources
Standard
Victory
Conquest
Starting age
Dark Age
Ending age
Imperial Age
RankedLock teamsTeams togetherTeam positionsShared explorationLock speedFull tech treeHidden civsTurbo modeCheats
Victory
Defeat
🇨🇳 Japanese · China
1503
+8
🇨🇳 Georgians · China
1460
+9
🇨🇳 Mongols · China
1205
+18
🇦🇺 Jurchens · Australia
1364
-15
🇺🇸 Persians · United States
1260
-10
1253
-10
驯龙骑士尹志平
4:24 Loom
15:47 Feudal Age
16:49 Double-Bit Axe
19:57 Castle Age
18:09 Gold Mining
18:10 Stone Mining
20:50 Bow Saw
21:18 Medium Warships
23:40 Gold Shaft Mining
30:11 Fishing Lines
35:09 Imperial Age
33:15 Wheelbarrow
33:43 Town Watch
34:13 Forging
34:03 Scale Mail Armor
34:31 Fletching
34:41 Padded Archer Armor
35:48 Town Patrol
35:36 Treadmill Crane
37:02 Two-Man Saw
37:07 Chemistry
36:35 Ballistics
36:47 Hand Cart
36:57 Bodkin Arrow
37:17 Leather Archer Armor
36:27 Crossbowman
37:12 Thumb Ring
37:31 Conscription
37:32 Kataparuto
37:30 Arbalester
39:56 Bracer
40:21 Gillnets
41:51 Ring Archer Armor
41:31 Siege Engineers
41:24 Murder Holes
43:13 Iron Casting
42:38 Scale Mail Armor
42:05 Elite Samurai
43:10 Squires
42:55 Arson
42:30 Pikeman
44:58 Blast Furnace
46:53 Chain Mail Armor
46:20 Halberdier
47:12 Fortified Wall
47:06 Yasama
57:08 Guard Tower
57:04 Arrowslits
60:48 Keep
Bleda the Hun
5:04 Loom
14:13 Feudal Age
15:26 Double-Bit Axe
18:06 Castle Age
16:11 Gold Mining
19:22 Medium Warships
19:31 Bow Saw
20:44 Horse Collar
21:27 Scale Barding Armor
21:29 Heavy Plow
23:40 Fishing Lines
24:50 Forging
25:12 Gillnets
28:43 Husbandry
28:54 Bloodlines
29:57 Chain Barding Armor
29:38 Stone Mining
33:29 Wheelbarrow
36:17 Imperial Age
35:16 Iron Casting
37:42 Plate Barding Armor
36:37 Elite Iron Pagoda
39:27 Blast Furnace
38:51 Conscription
45:08 Pikeman
45:48 Squires
46:09 Fletching
47:24 Bodkin Arrow
47:49 Scale Mail Armor
47:39 Elite Fire Lancer
51:38 Chain Mail Armor
海豚漫步
5:01 Loom
12:54 Feudal Age
18:07 Castle Age
20:51 Town Watch
27:29 Fishing Lines
30:24 Gillnets
41:05 Imperial Age
39:53 Wheelbarrow
40:11 Bloodlines
40:52 Cavalier
41:32 Husbandry
43:59 Scale Barding Armor
45:06 Chain Barding Armor
44:51 Savar
47:07 Chain Barding Armor
49:24 Plate Barding Armor
50:27 Forging
扒皮狗
4:14 Loom
14:29 Feudal Age
19:00 Castle Age
19:23 Double-Bit Axe
19:22 Horse Collar
21:32 Wheelbarrow
20:52 Gold Mining
20:57 Stone Mining
25:21 Stone Mining
30:42 Heavy Plow
31:06 Gold Mining
32:51 Gold Shaft Mining
32:53 Stone Shaft Mining
32:20 Fletching
32:38 Padded Archer Armor
33:54 Bodkin Arrow
34:15 Leather Archer Armor
34:51 Scale Barding Armor
38:34 Chain Barding Armor
41:11 Imperial Age
41:01 Ballistics
43:50 Chemistry
43:02 Bracer
43:26 Conscription
42:44 Elite Mangudai
43:51 Conscription
43:43 Nomads
44:54 Hand Cart
44:40 Town Watch
46:41 Bow Saw
47:45 Town Patrol
49:31 Drill
神明
3:57 Loom
13:35 Feudal Age
17:35 Castle Age
15:23 Horse Collar
15:30 Double-Bit Axe
21:07 Heavy Plow
27:16 Scale Barding Armor
28:42 Bow Saw
31:15 Wheelbarrow
34:10 Imperial Age
33:04 Gold Mining
34:19 Chain Barding Armor
34:10 Forging
34:53 Hand Cart
34:23 Town Watch
35:53 Conscription
35:59 Bloodlines
35:49 Husbandry
36:45 Elite Monaspa
39:44 Plate Barding Armor
39:44 Iron Casting
44:20 Blast Furnace
46:10 Aznauri Cavalry
48:18 Stone Mining
50:03 Stone Shaft Mining
郁离
3:29 Loom
13:34 Feudal Age
25:21 Fletching
30:00 Castle Age
28:22 Padded Archer Armor
29:00 Gold Mining
29:29 Horse Collar
30:03 Crossbowman
30:42 Bodkin Arrow
32:17 Leather Archer Armor
34:33 Thumb Ring
38:58 Imperial Age
39:41 Stone Mining
41:21 Wheelbarrow
40:58 Elite Skirmisher
42:10 Ring Archer Armor
41:44 Treadmill Crane
42:59 Guard Tower
43:14 Bracer
43:55 Fortified Wall
45:15 Elite Skirmisher
50:39 Double-Bit Axe
51:12 Hand Cart
51:35 Bow Saw
53:56 Gold Shaft Mining
54:33 Medium Warships
Connection lost

Rejoining the realm…

Still unreachable

The connection could not be restored.

Session expired

The server has moved on; the page needs a fresh start.